 Dungeon Crawl Stone Soup version 0.16.1-28-gcc2312f (webtiles) character file.

2487 Woebin the Covert (level 9, -8/45 HPs)
             Began as a Vine Stalker Assassin on May 23, 2015.
             Was a Believer of Dithmenos.
             Mangled by a crocodile (14 damage)
             ... on level 8 of the Dungeon on May 25, 2015.
             The game lasted 00:39:11 (6488 turns).

Woebin the Covert (Vine Stalker Assassin)           Turns: 6488, Time: 00:39:11

Health: -8/45      AC:  6    Str: 15    XL:     9   Next: 52%
Magic:  0/12       EV: 19    Int: 14    God:    Dithmenos [**....]
Gold:   327        SH:  0    Dex: 15    Spells: 1 memorised, 5 levels left

rFire  x . .     SeeInvis .     w - +0 great sword
rCold  + + .     Clarity  .     k - +1 leather armour {rC+}
rNeg   . . .     SustAb   .     (no shield)
rPois  .         Gourm    .     C - +0 helmet
rElec  .         Spirit   +     d - +0 cloak
rCorr  .         Warding  .     (no gloves)
rMut   .         Stasis   .     (no boots)
MR     +....                    (no amulet)
Stlth  +++++.....               v - ring of ice
                                n - +5 ring of evasion

@: wreathed by umbra, somewhat resistant to hostile enchantments, quite stealthy
A: fangs 3, mutation resistance 1, regeneration 2, magic shield, antimagic bite,
no device heal 3, rot immunity
a: Shadow Step, Renounce Religion


You were on level 8 of the Dungeon.
You worshipped Dithmenos.
Dithmenos was pleased with you.
You were not hungry.

You visited 2 branches of the dungeon, and saw 9 of its levels.

You collected 327 gold pieces.

Inventory:

Hand weapons
 a - a +3 dagger of venom
 b - a +0 blowgun
 o - a +0 hunting sling
 w - a +0 great sword (weapon)
 D - a +3 dagger of holy wrath
Missiles
 e - 31 poisoned needles
 f - 5 curare-tipped needles
 h - 16 stones (quivered)
 i - 16 bolts
Armour
 c - a +0 robe
 d - a +0 cloak (worn)
 k - a +1 leather armour of cold resistance (worn)
 C - a +0 helmet (worn)
Jewellery
 n - a +5 ring of evasion (left hand)
 v - a ring of ice (right hand)
Magical devices
 l - a wand of cold (8)
 A - a wand of invisibility (2)
Scrolls
 j - 3 scrolls of magic mapping
 m - a scroll of fear
 r - 2 scrolls of recharging
 s - 2 scrolls of remove curse
 x - 2 scrolls of teleportation
 y - a scroll of enchant weapon
 B - 2 scrolls of blinking
 E - 6 scrolls of identify
Potions
 t - a potion of restore abilities
 z - 2 potions of heal wounds {unknown}
 G - a potion of brilliance {unknown}
 H - a potion of agility
Books
 p - a Fen Folio

   Spells                             Type                      Level
   a - Corpse Rot                     Necromancy                   2
   b - Stone Arrow                    Conjuration/Earth            3
   c - Leda's Liquefaction            Hexes/Earth                  4
   d - Summon Forest                  Summoning/Translocation      5
   e - Hydra Form                     Transmutation                6
   f - Summon Hydra                   Summoning                    7
Comestibles
 g - 6 bread rations
 q - 5 fruits
 u - a beef jerky
 I - a slice of pizza


   Skills:
 + Level 4.0 Fighting
 + Level 3.3(4.0) Short Blades
 + Level 3.5(4.1) Long Blades
 + Level 4.6 Throwing
 + Level 2.6 Armour
 + Level 5.3 Dodging
 + Level 9.2 Stealth
 + Level 0.4 Spellcasting
 + Level 0.4 Conjurations
 + Level 0.2 Earth Magic


You had 5 spell levels left.
You knew the following spells:

 Your Spells              Type           Power        Failure   Level  Hunger
a - Stone Arrow           Conj/Erth      #.....       90%         3    ####...


Dungeon Overview and Level Annotations

Branches:
Dungeon (8/15)             Temple (1/1) D:5
   Lair: D:8-11

Altars:
Ashenzari
Cheibriados
Dithmenos
Fedhas
Gozag
Kikubaaqudgha
Makhleb
Nemelex Xobeh
Okawaru
Ru
Sif Muna
Trog
Xom
Yredelemnul
Zin
The Shining One

Shops:
D:7 !*!!


Innate Abilities, Weirdness & Mutations

You have razor-sharp teeth.
You heal very quickly.
When hurt, damage is shared between your health and your magic reserves.
Your bite disrupts and absorbs the magic of your enemies.
Potions and wands cannot restore your health.
You are immune to rotting.
You are somewhat resistant to further mutation.


Message History

The crocodile misses you.
You barely miss the crocodile. Your bite misses the crocodile.
The crocodile bites you!
* * * LOW HITPOINT WARNING * * *
The crocodile closely misses you.
You hit the crocodile but do no damage. The crocodile bites you.
* * * LOW HITPOINT WARNING * * *
You barely miss the crocodile. The crocodile barely misses you.
You completely miss the crocodile.
The crocodile bites you but does no damage.
The crocodile barely misses you.
You slash the crocodile!
The crocodile is heavily wounded.
The crocodile closely misses you.
You slash the crocodile!
The crocodile is severely wounded.
The crocodile bites you!
* * * LOW HITPOINT WARNING * * *
The crocodile bites you!
You die...

..P.P P.PP..
....PP##+#.....#.
...P...P.PP....#.#
.......†..P...# .#
#....P†P.P.PPP# .#
#.#.......†..## .#
....###PP....### .#
.....# ###t########.#
......# #@(...<....#
.......### #..........#
#.......# #..........#
#.......####......†.##
#.......+.).........#
#.#[......###.........#
#.......#.........#####
#######.#####.#####
#.........#


You could see a crocodile.

Vanquished Creatures
  Prince Ribbit (D:8)
  Eustachio (D:5)
  A phantom (D:4)
  2 necrophages (D:7)
  An ice beast (D:7)
  4 ogres
  A crocodile (D:8)
  2 sky beasts
  An elf zombie (D:7)
  A giant frog (D:4)
  A water moccasin skeleton (D:4)
  A wyvern skeleton (D:7)
  A centaur zombie (D:7)
  A giant frog skeleton (D:5)
  2 hounds
  7 human zombies (D:7)
  A giant frog zombie (D:6)
  An orc priest (D:5)
  An iguana (D:4)
  8 orc wizards
  Natasha (twice) (D:5)
  A worker ant (D:4)
  An ogre zombie (D:7)
  A hound skeleton (D:4)
  Robin (D:2)
  3 gnolls (D:7)
  9 adders
  2 river rats (D:8)
  3 shadow imps
  3 worms
  2 adder skeletons
  7 giant geckos
  4 orcs
  A ball python (D:4)
  A bat skeleton (D:4)
  3 giant cockroaches
  11 hobgoblins
  8 jackals (D:5)
  9 kobolds
  10 bats
  4 giant newts
  A giant spore (D:5)
  12 goblins
  A jackal skeleton (D:4)
  An orc skeleton (D:7)
  A quokka (D:3)
  A quokka skeleton (D:4)
  8 rats
  A ballistomycete (D:5)
151 creatures vanquished.

Notes
Turn   | Place    | Note
--------------------------------------------------------------
     0 | D:1      | Woebin, the Vine Stalker Assassin, began the quest for the Orb.
     0 | D:1      | Reached XP level 1. HP: 11/11 MP: 1/1
   294 | D:1      | Reached skill level 5 in Stealth
   434 | D:1      | Reached XP level 2. HP: 15/15 MP: 3/3
  1056 | D:2      | Reached XP level 3. HP: 8/18 MP: 2/4
  1286 | D:2      | Reached skill level 6 in Stealth
  1394 | D:2      | Noticed Robin
  1396 | D:2      | Reached skill level 1 in Dodging
  1564 | D:3      | Reached XP level 4. HP: 14/23 MP: 5/5
  1804 | D:2      | You fall through a shaft for 2 floors!
  1894 | D:4      | Noticed a giant frog
  1903 | D:4      | Killed a giant frog
  1903 | D:4      | Reached XP level 5. HP: 21/26 MP: 7/7
  2014 | D:4      | Gained mutation: You heal very quickly. [vine stalker growth]
  2014 | D:4      | Reached XP level 6. HP: 19/30 MP: 5/8
  2045 | D:4      | Learned a level 3 spell: Stone Arrow
  2206 | D:2      | Killed Robin
  2248 | D:2      | Reached skill level 7 in Stealth
  2254 | D:2      | Found a sacrificial altar of Ru.
  2534 | D:3      | Noticed a sky beast
  2547 | D:3      | Killed a sky beast
  2547 | D:3      | Reached skill level 1 in Long Blades
  3608 | D:4      | Noticed a phantom
  3652 | D:4      | Killed a phantom
  3652 | D:4      | Reached XP level 7. HP: 30/35 MP: 7/9
  3718 | D:5      | Entered Level 5 of the Dungeon
  4002 | D:5      | Found a blossoming altar of Fedhas.
  4249 | D:5      | Found a staircase to the Ecumenical Temple.
  4259 | D:5      | Noticed Natasha
  4267 | D:5      | Killed Natasha
  4322 | Temple   | Entered the Ecumenical Temple
  4344 | Temple   | Became a worshipper of Dithmenos the Shadowed
  4370 | D:5      | Noticed Eustachio
  4391 | D:5      | Killed Eustachio
  4391 | D:5      | Reached skill level 8 in Stealth
  4391 | D:5      | Gained mutation: You have razor-sharp teeth. [vine stalker growth]
  4391 | D:5      | Reached XP level 8. HP: 24/39 MP: 4/11
  4586 | D:5      | Noticed Natasha
  4592 | D:5      | Killed Natasha
  4857 | D:6      | Reached skill level 1 in Armour
  5044 | D:6      | Found a deep blue altar of Sif Muna.
  5101 | D:7      | Gained mutation: You are somewhat resistant to further mutation. [potion of beneficial mutation]
  5158 | D:7      | Found a basalt altar of Yredelemnul.
  5274 | D:7      | Found Mnaogh's Distillery.
  5322 | D:7      | Reached XP level 9. HP: 44/44 MP: 12/12
  5471 | D:7      | Found Wywn's Assorted Antiques.
  5547 | D:7      | Found a sparkling altar of Nemelex Xobeh.
  5647 | D:7      | Reached skill level 5 in Dodging
  5720 | D:7      | Found Pesoovve's Distillery.
  5959 | D:7      | Reached skill level 9 in Stealth
  6013 | D:7      | Found Heynwatt's Distillery.
  6355 | D:8      | Noticed Prince Ribbit
  6374 | D:8      | Killed Prince Ribbit
  6450 | D:8      | Acquired Dithmenos' first power
  6488 | D:8      | Mangled by a crocodile

Action                   |  1- 3 |  4- 6 |  7- 9 || total
-------------------------+-------+-------+-------++-------
Melee: Dagger            |    56 |    63 |    83 ||   202
       Rapier            |    13 |     7 |       ||    20
       Great sword       |       |    68 |   165 ||   233
 Fire: Blowgun           |    10 |    18 |    50 ||    78
       Hunting sling     |       |       |     1 ||     1
Throw: Stone             |     5 |    20 |     4 ||    29
 Cast: Stone Arrow       |       |     1 |       ||     1
  Use: Potion            |     4 |       |     5 ||     9
       Scroll            |       |    13 |     2 ||    15
 Stab: Sleeping          |     7 |     8 |    20 ||    35
       Distracted        |       |     1 |     3 ||     4
  Eat: Chunk             |     1 |     4 |     1 ||     6
       Meat ration       |       |     1 |     2 ||     3
